cohdb
Replays
Latest Replays
All Replays
Popular Replays
Top Player Replays
Match Explorer
How It Works
Community
CoH3 Stats
Reddit
Sign in to upload your games and track your stats! →
Sign in with Steam
Match 31114654
Unlisted
Match 31114654
Overview
Messages
Build Orders
End
Construct Section Command Post
Selects Heavy Armor Battlegroup
Royal Engineer Section
Dingo Light Scout Car
Infantry Section
Infantry Section
Construct Platoon Command Post
Selects Rigorous Vehicle Training
Unlock M3 Stuart Light Tanks
Construct Field Infirmary
M3 Stuart Light Tank
Infantry Section
Royal Engineer Section
M3 Stuart Light Tank
Infantry Section
Unlock Bishop Self-propelled Artillery
Selects Crusader AA Medium Tank
Selects UNKNOWN (2162094)
Selects Crusader AA Medium Tank
Bishop Self-propelled Artillery
Infantry Section
M3 Stuart Light Tank
Grenade Package
6-pounder Anti-tank Gun Team
Arudo
高磊
天璇
Nukepapa
RED
Oneshot
0
0
Comments
sign in to comment!
No comments posted yet!